 Dungeon Crawl Stone Soup version 0.31-a0-521-gc7390f8997 (webtiles) character file.

Game seed: 13098832510976264675

1451 ytrimaz the Changeling (level 8, -2/54 HPs)
             Began as a Demonspawn Shapeshifter on Aug 10, 2023.
             Was a Believer of Qazlal.
             Shot with an arrow by a centaur (6 damage)
             ... on level 6 of the Dungeon.
             The game lasted 00:05:53 (5199 turns).

ytrimaz the Changeling (Demonspawn Shapeshifter)    Turns: 5199, Time: 00:05:54

Health: -2/54      AC:  7    Str: 17    XL:     8   Next: 47%
Magic:  0/8        EV: 12    Int: 11    God:    Qazlal [**....]
Gold:   281        SH:  3    Dex: 11    Spells: 5/7 levels left

rFire   + +          +
                       - Unarmed
rCold   + . .        (no shield)
rNeg    . . .        u - +0 ring mail of Ypsox {rF+++ Regen+ Dex-2 Stlth+}
rPois   .            (helmet currently unavailable)
rElec   .            (cloak currently unavailable)
rCorr   .            (gloves currently unavailable)
SInv    .            (boots currently unavailable)
Will    .....        v - amulet of guardian spirit
Stlth   +            o - ring of protection from cold
HPRegen 1.09/turn    (no ring)
MPRegen 0.11/turn

%: guardian spirit
@: beast-form
A: beast (slay +4), yellow scales 1, demonic magic 1, weakness stinger 1
a: Begin Untransformation, Renounce Religion, Upheaval


You were on level 6 of the Dungeon.
You worshipped Qazlal.
Qazlal was pleased with you.
You were a hulking beast.
You visited 1 branch of the dungeon, and saw 6 of its levels.

You collected 281 gold pieces.


Innate Abilities, Weirdness & Mutations

You are a hulking beast.
Your limbs bulge with bestial killing power. (Slay +4)
You are partially covered in yellow scales. (AC +2)
Spells you cast may paralyse adjacent enemies.
You have a small tail.


   Skills:
 - Level 1.0 Fighting
 + Level 5.4 Dodging
 - Level 2.6 Unarmed Combat
 + Level 3.0 Transmutations
 * Level 6.7 Shapeshifting


You had 5 spell levels left.
You knew the following spells:

 Your Spells              Type           Power      Damage    Failure   Level
a - Wereblood             Tmut           6%         N/A       28%         2

Your spell library contained the following spells:

 Spells                   Type           Power      Damage    Failure   Level
 Apportation              Tloc           0%         N/A       54%         1
 Cigotuvi's Dreadful Rot  Necr/Pois/Air  0%         N/A       69%         2
 Ignite Poison            Fire/Tmut/Pois 2%         N/A       78%         3
 Alistair's Intoxication  Tmut/Pois      2%         N/A       100%        5
 Freezing Cloud           Conj/Ice/Air   0%         6-21      100%        5
 Irradiate                Conj/Tmut      1%         3d12      100%        5

Inventory:

Armour
 e - the +6 scale mail of the Heavens {rElec}
   (You acquired it on level 1 of the Dungeon)

   rElec:     It insulates you from electricity.
 u - the +0 ring mail of Ypsox (worn) {rF+++ Regen+ Dex-2 Stlth+}
   (You found it on level 4 of the Dungeon)

   Dex-2:     It affects your dexterity (-2).
   rF+++:     It renders you almost immune to fire.
   Regen+:    It increases your rate of health regeneration.
   Stlth+:    It makes you more stealthy.
 y - a +0 helmet
   (You found it on level 5 of the Dungeon)
Jewellery
 o - a ring of protection from cold (left hand)
   (You took it off a hobgoblin on level 3 of the Dungeon)
 r - a +6 ring of intelligence
   (You found it on level 3 of the Dungeon)
 v - an amulet of guardian spirit (around neck)
   (You found it on level 4 of the Dungeon)
 w - a ring of fire
   (You found it on level 5 of the Dungeon)
 z - an amulet of the acrobat
   (You found it on level 5 of the Dungeon)
Talismans
 c - a beast talisman (active)
 d - a flux talisman
Wands
 q - a wand of flame (35) (quivered)
   (You took it off Sigmund on level 3 of the Dungeon)
Scrolls
 g - a scroll of blinking {unknown}
 h - 2 scrolls of vulnerability {unknown}
 i - a scroll of fog {unknown}
 k - a scroll of revelation
 l - a scroll of amnesia {unknown}
 m - 7 scrolls of identify {unknown}
 s - a scroll of enchant armour {unknown}
 x - 2 scrolls of teleportation {unknown}
 B - a scroll of immolation {unknown}
 C - a scroll of poison {unknown}
Potions
 a - a potion of curing {unknown}
 b - a potion of lignification
 f - 2 potions of heal wounds {unknown}
 j - a potion of berserk rage {unknown}
 n - 2 potions of enlightenment {unknown}
 p - 3 potions of invisibility {unknown}
 t - a potion of degeneration {unknown}
 A - a potion of experience {unknown}

Dungeon Overview and Level Annotations

Branches:
Dungeon (6/15) Zot: 26347  Temple (0/1) D:6

Altars:
Ashenzari
Qazlal
Wu Jian

Shops:
D:1

[: #..........# #..........#
#..........# #..........##
#...........##
##############.####..####
#...........##.#####.....
#...≈≈≈≈##.##..#...# ##...>
#≈≈≈≈≈≈≈≈#h.#.<....# #....
≈≈≈≈≈≈≈≈≈≈≈≈≈≈≈.###..####....
≈≈≈≈≈≈≈≈§≈§≈≈≈≈≈≈≈##...##....
≈≈≈≈c.≈≈≈≈≈≈≈≈≈≈≈≈≈##......##
≈≈....cc≈§≈≈≈≈≈≈≈≈≈##........
≈...c..cc≈≈≈≈≈≈≈≈≈≈...###....
'#.c≈≈≈≈≈≈≈≈≈≈######..#.
#..≈≈≈≈≈≈≈≈≈## #♣~♣♣♣~
.≈≈≈≈≈≈≈≈≈# ♣PP~♣P~


You could see 5 centaurs.


Message History

The centaur shoots an arrow.
The arrow misses you.
The centaur shoots an arrow.
The arrow hits you.
There are monsters nearby!
Unknown command. 😮 HP[+1] 😮 HP[+1] MP[+1] 😮 HP[+1]
You start resting. 😎 HP[+23] MP[+2]
Your hp is fully restored (54).
You regained 2 mp, and now have 6/8 mp.
Unknown command.
A centaur is nearby!
Unknown command.
You start resting. 😎 MP[+2]
Your mp is fully restored (8).
The centaur shoots an arrow.
The arrow barely misses you.
The centaur shoots an arrow.
The arrow closely misses you.
The centaur shoots an arrow.
The arrow hits you!
The centaur wields a +0 orcbow.
The centaur shoots an arrow.
You block the arrow. 😕 HP[-6] MP[-1]
You take 6 damage, and now have 48/54 hp.
You lost 1 mp, and now have 7/8 mp.
The centaur shoots an arrow.
The arrow hits you.
The centaur shoots an arrow.
The arrow closely misses you.
The centaur shoots an arrow.
You block the arrow.
The centaur shoots an arrow.
You block the arrow.
The centaur shoots an arrow.
The arrow barely misses you.
The centaur shoots an arrow.
The arrow closely misses you. 😕 HP[-4]
You take 4 damage, and now have 44/54 hp.
The centaur shoots an arrow.
The arrow hits you! 😮 HP[-8] MP[-1]
You take 8 damage, and now have 36/54 hp.
You lost 1 mp, and now have 6/8 mp.
You are too injured to fight recklessly!
Unknown command.
The centaur shoots an arrow.
The arrow hits you.
The centaur shoots an arrow.
The arrow completely misses you. 😮 HP[-3] MP[-1]
You take 3 damage, and now have 33/54 hp.
You lost 1 mp, and now have 5/8 mp.
You are too injured to fight recklessly!
Unknown command.
Aiming: Throw Flame
Press: ? - help, Q - select action, (/) - cycle Shift-Dir - straight line, f/p - centaur
Aim: a centaur, wielding a +0 shortbow (81% to hit)
The centaur shoots an arrow.
The arrow hits you but does no damage. 😮 HP[+1]
Aiming: Throw Flame
Press: ? - help, Q - select action, (/) - cycle Shift-Dir - straight line, f - centaur
Aim: a centaur, wielding a +0 shortbow (81% to hit)
😮 HP[+1] Unknown command.
Aiming: Throw Flame
Press: ? - help, Q - select action, (/) - cycle Shift-Dir - straight line, f - centaur
Aim: a centaur, wielding a +0 shortbow (81% to hit)
😮 HP[+1] Unknown command. 😮 HP[+1]
Aiming: Throw Flame
Press: ? - help, Q - select action, (/) - cycle Shift-Dir - straight line, f/p - centaur
Aim: a centaur, wielding a +0 shortbow (heavily wounded, wandering, hasn't noticed you, 81% to hit)
😮 HP[+1] Unknown command.
The centaur shoots an arrow.
The arrow hits you!
The centaur shoots an arrow.
The arrow hits you!
* * * LOW HITPOINT WARNING * * *
The centaur shoots an arrow.
The arrow hits you.
* * * LOW HITPOINT WARNING * * *
😨 HP[-19] MP[-2]
You take 19 damage, and now have 19/54 hp.
MASSIVE DAMAGE!! (PAUSE)
You lost 2 mp, and now have 3/8 mp.
Unknown command.
Aiming: Throw Flame
Press: ? - help, Q - select action, (/) - cycle Shift-Dir - straight line, f/p - centaur
Aim: a centaur, wielding a +0 shortbow (severely wounded, 81% to hit)
The centaur shoots an arrow.
The arrow hits you.
* * * LOW HITPOINT WARNING * * *
The centaur shoots an arrow.
The arrow misses you. 😨 HP[-4] MP[-1]
You take 4 damage, and now have 15/54 hp.
You lost 1 mp, and now have 2/8 mp. 😨 HP[+1] Unknown command.
You start resting. 😨 HP[+2]
You regained 2 hp, and now have 18/54 hp.
Unknown command.
The centaur shoots an arrow.
The arrow hits you!
* * * LOW HITPOINT WARNING * * *
The centaur shoots an arrow.
The arrow hits you.
* * * LOW HITPOINT WARNING * * *
The centaur shoots an arrow.
The arrow hits you.
* * * LOW HITPOINT WARNING * * *
The centaur shoots an arrow.
The arrow hits you.
* * * LOW HITPOINT WARNING * * *
The centaur shoots an arrow.
The arrow hits you.
You die...

Skill      XL: |  1  2  3  4  5  6  7  8 |
---------------+-------------------------+-----
Dodging        | 2 3 4 5 |  5.4
Shapeshifting  | 3 4 5 6 |  6.7
Transmutations | 2 3 |  3.0
Fighting       | |  1.0
Unarmed Combat | |  2.6

Action                     |  1- 3 |  4- 6 |  7- 9 || total
---------------------------+-------+-------+-------++-------
  Melee: Unarmed           |   108 |   197 |   127 ||   432
         Punch             |       |     8 |     3 ||    11
         Tailslap          |       |       |    14 ||    14
  Evoke: Wand              |       |       |     6 ||     6
    Use: Scroll            |     1 |       |     1 ||     2
 Armour: Animal skin       |     5 |       |       ||     5
         Scale mail        |    49 |    65 |       ||   114
         Ring mail         |       |    25 |    47 ||    72
  Dodge: Dodged            |    58 |   116 |   102 ||   276
  Block: Other             |       |     6 |    14 ||    20

Levels and vault maps discovered:
D:1:      minmay_arrival_glassed_features, layout_basic, serial_shops,
          nicolae_shop_drivethru, nicolae_shop_vocational
D:2:      minmay_chambers_of_twos, layout_loops_corners, basic_altar,
          uniq_terence
D:3:      layout_loops_ring, mainiacjoe_overflow_alcove_4, uniq_natasha,
          uniq_sigmund
D:4:      layout_basic
D:5:      layout_layer_cave
D:6:      layout_rooms, nicolae_wu_jian_wuxing_cycle,
          amethyst_overflow_temple_binary, temple_hall, serial_bayou_ford_a,
          dreamdust_princess_corridor, nicolae_shop_i_like_big_books,
          centaur_isle, uniq_edmund

Notes
Turn   | Place    | Note
-------+----------+-------------------------------------------
     0 | D:1      | ytrimaz the Demonspawn Shapeshifter began the quest for the
                  | Orb.
     0 | D:1      | Reached XP level 1. HP: 15/15 MP: 1/1
     0 | D:1      | magus.rc [v1.9.6]
    80 | D:1      | Found a transporter.
    80 | D:1      | Found Hetwue's Antique Armour Shop.
    93 | D:1      | Found a transporter.
   208 | D:1      | Found Fonwuych's Vocational Training.
   210 | D:1      | Reached skill level 2 in Dodging
   375 | D:1      | Reached skill level 3 in Shapeshifting
   375 | D:1      | Gained mutation: You are partially covered in yellow
                  | scales. (AC +2) [demonic ancestry]
   375 | D:1      | Reached XP level 2. HP: 21/21 MP: 2/2
   847 | D:1      | Identified a scroll of acquirement
   847 | D:1      | Acquired the +6 scale mail of the Heavens {rElec}
  1021 | D:2      | Reached XP level 3. HP: 21/26 MP: 3/3
  1261 | D:2      | Found a stormy altar of Qazlal.
  1304 | D:2      | Became a worshipper of Qazlal Stormbringer
  1433 | D:2      | Noticed Terence
  1443 | D:2      | Killed Terence
  1444 | D:2      | Reached XP level 4. HP: 18/32 MP: 4/4
  1742 | D:2      | Reached skill level 3 in Dodging
  1742 | D:2      | Reached * piety under Qazlal
  1744 | D:2      | Reached skill level 4 in Shapeshifting
  2156 | D:3      | HP: 4/32 [orc priest/nerve-wracking pain (6)]
  2159 | D:3      | Reached XP level 5. HP: 5/37 MP: 5/5
  2182 | D:3      | HP: 7/37 [hobgoblin (4)]
  2192 | D:3      | HP: 9/37 [rat (1)]
  2350 | D:3      | Noticed Sigmund
  2365 | D:3      | HP: 7/37 [Sigmund/+0 scythe (5)]
  2366 | D:3      | Killed Sigmund
  2367 | D:3      | Reached XP level 6. HP: 9/43 MP: 6/6
  2895 | D:3      | Noticed Natasha
  2899 | D:3      | Killed Natasha
  2975 | D:3      | Found a broken altar of Ashenzari.
  3039 | D:3      | Noticed Natasha
  3048 | D:3      | Killed Natasha
  3049 | D:3      | Reached skill level 5 in Shapeshifting
  3075 | D:4      | Identified the +0 ring mail of Ypsox {rF+++ Regen+ Dex-2
                  | Stlth+}
  3149 | D:4      | Reached skill level 4 in Dodging
  3240 | D:4      | You pick up a book of Changes and begin reading...
  3240 | D:4      | You add the spells Wereblood and Irradiate to your library.
  3322 | D:4      | Gained mutation: Spells you cast may paralyse adjacent
                  | enemies. [demonic ancestry]
  3322 | D:4      | Reached XP level 7. HP: 34/48 MP: 4/7
  3355 | D:4      | Reached ** piety under Qazlal
  3367 | D:4      | You add the spells Cigotuvi's Dreadful Rot, Ignite Poison
                  | and Freezing Cloud to your library.
  3617 | D:4      | Learned a level 2 spell: Wereblood
  3618 | D:5      | Entered Level 5 of the Dungeon
  3701 | D:5      | Reached skill level 1 in Transmutations
  4065 | D:5      | Reached skill level 6 in Shapeshifting
  4242 | D:5      | Reached skill level 2 in Transmutations
  4593 | D:6      | Reached skill level 5 in Dodging
  4593 | D:6      | Gained mutation: You have a small tail. [demonic ancestry]
  4593 | D:6      | Reached XP level 8. HP: 54/54 MP: 8/8
  4650 | D:6      | Noticed Edmund
  4666 | D:6      | Killed Edmund
  4726 | D:6      | You pick up a book of Party Tricks and begin reading...
  4726 | D:6      | You add the spells Apportation and Alistair's Intoxication
                  | to your library.
  4813 | D:6      | Found an ornate altar of the Wu Jian Council.
  4921 | D:6      | Found a staircase to the Ecumenical Temple.
  5050 | D:6      | Reached skill level 3 in Transmutations
  5199 | D:6      | HP: 12/54 [centaur/arrow (8)]
  5199 | D:6      | HP: 4/54 [centaur/arrow (2)]
  5199 | D:6      | Shot with an arrow by a centaur

Vanquished Creatures
  Sigmund (D:3)
  Edmund (D:6)
  A water moccasin (D:5)
  3 ice beasts
  2 ogres (D:5)
  A phantom (D:4)
  A bullfrog (D:6)
  A scorpion (D:5)
  An orc priest (D:3)
  2 hounds (D:6)
  Natasha (twice) (D:3)
  An iguana (D:4)
  Terence (D:2)
  13 adders
  2 shadow imps
  3 ufetubi (D:5)
  A worm (D:3)
  2 dart slugs (D:1)
  10 orcs
  6 endoplasms
  7 goblins
  7 hobgoblins
  4 quokkas
  6 ball pythons
  5 bats
  3 frilled lizards
  13 kobolds
  3 rats
103 creatures vanquished.

Table legend:
 A = Non-vault XP
 B = Vault XP
 C = Vault XP percentage of total XP
 D = Non-vault monster count
 E = Vault monster count
 F = Vault count percentage of total count
                 A         B        C        D         E       F
            +---------+---------+-------+---------+---------+-------
      Total |    1596 |     477 |  23.0 |      91 |      12 |  11.7
            +---------+---------+-------+---------+---------+-------
        D:1 |      21 |       0 |   0.0 |      11 |       0 |   0.0
        D:2 |      92 |      58 |  38.7 |      22 |       9 |  29.0
        D:3 |     140 |     262 |  65.2 |      26 |       2 |   7.1
        D:4 |     192 |       0 |   0.0 |      10 |       0 |   0.0
        D:5 |     657 |       0 |   0.0 |      12 |       0 |   0.0
        D:6 |     494 |     157 |  24.1 |      10 |       1 |   9.1
            +---------+---------+-------+---------+---------+-------

Skill      XL: |  1  2  3  4  5  6  7  8 |
---------------+-------------------------+-----
Dodging        | 2 3 4 5 |  5.4
Shapeshifting  | 3 4 5 6 |  6.7
Transmutations | 2 3 |  3.0
Fighting       | |  1.0
Unarmed Combat | |  2.6

Action                     |  1- 3 |  4- 6 |  7- 9 || total
---------------------------+-------+-------+-------++-------
  Melee: Unarmed           |   108 |   197 |   127 ||   432
         Punch             |       |     8 |     3 ||    11
         Tailslap          |       |       |    14 ||    14
  Evoke: Wand              |       |       |     6 ||     6
    Use: Scroll            |     1 |       |     1 ||     2
 Armour: Animal skin       |     5 |       |       ||     5
         Scale mail        |    49 |    65 |       ||   114
         Ring mail         |       |    25 |    47 ||    72
  Dodge: Dodged            |    58 |   116 |   102 ||   276
  Block: Other             |       |     6 |    14 ||    20

Illustrated notes

Table legend:
 A = Kills in this place as a percentage of kills in the entire game.
 B = Kills by you in this place as a percentage of kills by you in the entire game.
 C = Kills by friends in this place as a percentage of kills by friends in the entire game.
 D = Other kills in this place as a percentage of other kills in the entire game.
 E = Experience gained in this place as a percentage of experience gained in the entire game.
 F = Experience gained in this place divided by the number of levels of this place that you have seen.
                   A       B       C       D       E      F
               +-------+-------+-------+-------+-------+----------------------
         Total | 100.0 | 100.0 |   N/A |   N/A | 100.0 | 345.5
       Dungeon | 100.0 | 100.0 |   N/A |   N/A | 100.0 | 345.5
               +-------+-------+-------+-------+-------+----------------------

Table legend: (Time is in decaauts)
 A = Elapsed time spent in this place.
 B = Non-inter-level travel time spent in this place.
 C = Inter-level travel time spent in this place.
 D = Time resting spent in this place.
 E = Time spent auto-exploring this place.
 F = Levels seen in this place.
 G = Mean time per level.
                   A        B        C        D        E       F      G
               +--------+--------+--------+--------+--------+-----+--------+
         Total |   5180 |   5008 |    172 |     63 |   3981 |   6 |  863.3 |
       Dungeon |   5180 |   5008 |    172 |     63 |   3981 |   6 |  863.3 |
               +--------+--------+--------+--------+--------+-----+--------+

Top non-repeatable levels by time:
     D:2: 1188 daAuts
     D:3: 974 daAuts
     D:5: 927 daAuts
     D:1: 880 daAuts
     D:6: 651 daAuts
     D:4: 558 daAuts
